 Dungeon Crawl Stone Soup version 0.25-a0-280-gfa4545f159 (webtiles) character file.

Game seed: 9910974014736540072, levelgen mode: deterministic

32739 Jade the Cleaver (level 13, -1/114 HPs)
             Began as a Grey Draconian Berserker on Dec 11, 2019.
             Was a High Priest of Trog.
             Slain by a large abomination (37 damage)
             ... on level 2 of the Abyss.
             The game lasted 00:32:05 (14811 turns).

Jade the Cleaver (Grey Draconian Berserker)        Turns: 14811, Time: 00:32:06

Health: -1/114     AC: 22    Str: 25    XL:     13   Next: 33%
Magic:  13/13      EV: 17    Int:  8    God:    Trog [*****.]
Gold:   602        SH: 11    Dex: 14    Spells: 12/12 levels left

rFire    . . .     SeeInvis .   X - +4 broad axe
rCold    . . .     Gourm    .   S - +0 shield
rNeg     . . .     Faith    .   (armour unavailable)
rPois    .         Spirit   .   (helmet restricted)
rElec    .         Reflect  .   g - +2 cloak
rCorr    .         Harm     .   J - +2 pair of gloves
MR       +++..                  C - +2 pair of boots
Stlth    +++.......             E - amulet of regeneration
HPRegen  1.00/turn              V - ring of protection from magic
MPRegen  0.13/turn              y - +6 ring of strength

@: berserk cooldown, recuperating, diseased, slowed, very slow
A: walk through water, unfitting armour, [blurry vision 2], [screaming 2], [weak
1], unbreathing, cold-blooded, AC +13
a: Berserk, Trog's Hand, Brothers in Arms, Renounce Religion


You were on level 2 of the Abyss.
You worshipped Trog.
Trog was extremely pleased with you.
You were very hungry.

You visited 1 branch of the dungeon, and saw 15 of its levels.
You visited the Abyss 1 time.

You collected 954 gold pieces.
You spent 352 gold pieces at shops.

Inventory:

Hand Weapons
 a - a +9 hand axe of flaming
 X - a +4 broad axe (weapon)
Missiles
 z - 11 boomerangs
 I - a throwing net
 K - 37 poisoned darts (quivered)
 P - 6 curare-tipped darts
Armour
 g - a +2 cloak (worn)
 C - a +2 pair of boots (worn)
 G - a scarf of repulsion
 J - a +2 pair of gloves (worn)
 S - a +0 shield (worn)
Jewellery
 d - an uncursed ring of positive energy
 s - an uncursed ring of protection from cold
 u - an uncursed ring of fire
 y - a +6 ring of strength (right hand)
 A - an uncursed ring of protection from cold
 E - an amulet of regeneration (around neck)
 R - an uncursed ring of protection from fire
 U - an uncursed ring of flight
 V - a ring of protection from magic (left hand)
Wands
 l - a wand of acid (7)
 n - a wand of polymorph (7)
 t - a wand of digging (6)
 v - a wand of flame (46)
 B - a wand of iceblast (26)
 D - a wand of clouds (8)
Scrolls
 c - a scroll of enchant weapon
 h - 2 scrolls of enchant armour
 o - 9 scrolls of teleportation
 p - 13 scrolls of remove curse
 w - 3 scrolls of fear
 x - 4 scrolls of identify
 F - 3 scrolls of fog
 L - 3 scrolls of magic mapping
Potions
 e - 3 potions of haste
 f - 3 potions of heal wounds
 i - 5 potions of curing
 j - 3 potions of agility
 k - 6 potions of degeneration {unknown}
 m - 6 potions of lignification {unknown}
 q - 5 potions of might
 r - 2 potions of mutation {unknown}
 M - a potion of berserk rage {unknown}
 N - 2 potions of flight {unknown}
 O - a potion of brilliance {unknown}
 T - 2 potions of cancellation {unknown}
 W - 2 potions of resistance {unknown}
Comestibles
 b - 18 rations


   Skills:
 + Level 10.5 Fighting
 + Level 14.4 Axes
 + Level 7.3 Throwing
 + Level 9.7 Dodging
 - Level 4.0 Stealth
 * Level 7.3 Shields


You had 12 spell levels left.
You didn't know any spells.
Your spell library was empty.

Dungeon Overview and Level Annotations

Branches:
Dungeon (15/15)            Temple (0/1) D:7            Lair (0/6) D:8
    Orc (0/2) D:9          Vaults (0/5) D:13
 Depths: D:15

Altars:
Cheibriados
Elyvilon
Fedhas
Gozag
Kikubaaqudgha
Sif Muna
Zin

Shops:
D:4 :   D:8 ?   D:10 *   D:13 =(

Annotations:
D:4 2 runed translucent doors, Borgoz's ghost, amateur GrFi


Innate Abilities, Weirdness & Mutations

You can walk through water.
Your dull iron-grey scales are very hard. (AC +13)
You cannot fit into any form of body armour.
You can survive without breathing.
You are cold-blooded and may be slowed by cold attacks.
[Scrolls take you longer to read.]
[You sometimes yell uncontrollably at your foes.]
[You are weak. (Str -2)]


Message History

You are feeling very hungry.
The sun demon hits you!
You are engulfed in flames!
The starspawn tentacle grabs you. The starspawn tentacle constricts you.
The sun demon closely misses you. You block the ancient zyme's attack.
The ancient zyme hits you.
The starspawn tentacle loses its grip on you.
The tentacle pulls you backwards!
You slash the large abomination!
You tail-slap the large abomination, but do no damage.
The large abomination is moderately damaged.
You completely miss the starspawn tentacle.
You block the large abomination's attack.
The ancient zyme hits you. You block the ancient zyme's attack.
You slice the large abomination!!
The large abomination is almost destroyed.
You slash the ancient zyme!
You hit the tentacled starspawn but do no damage.
You feel the effects of Trog's Hand fading.
The large abomination hits you!!!
You die...

##.##....# ##
#(.....#..( .
#. #..... .. .
#.###.# ..#. #.
###..#.# .....
. #...#..#. ..
# ##──..#...
.......
##XX3>.#....∩..
. . #.@#..#
...### . #
#.#x#>###.#3.
#....w##....##.
#.....#.# ..##
#
#...#.#.G.#..#.
.####..#. ## #
.#. .# #.#. #.
.##. .


You could see a tentacled starspawn, a glowing orange brain, a sun demon, an
ancient zyme, a large abomination and a starspawn tentacle.

Vanquished Creatures
  An ettin (D:15)
  4 vault guards (D:13)
  A hydra (D:14)
  A centaur warrior (D:15)
  Erica (D:8)
  3 two-headed ogres
  A thrashing horror (Abyss:2)
  2 tengu warriors
  A sun demon (Abyss:2)
  2 deep elf knights (D:15)
  A wretched star (Abyss:2)
  2 starcursed masses (Abyss:2)
  A deep elf mage (D:15)
  2 ugly things (D:13)
  3 manticores
  A cyclops (D:12)
  Joseph (D:7)
  3 centaur skeletons
  A gargoyle (D:10)
  A spiny frog (shapeshifter) (D:14)
  An efreet (D:14)
  3 tengu conjurers
  2 ancient zymes (Abyss:2)
  4 trolls
  2 hippogriffs
  5 slime creatures
  5 shadows
  22 yaks
  A water elemental (Abyss:2)
  A wraith (D:12)
  A wyvern (D:15)
  4 hungry ghosts
  A small abomination (Abyss:2)
  3 vampire mosquitoes (D:15)
  2 water moccasins
  6 orc warriors
  6 phantoms
  6 sky beasts
  2 ice beasts
  2 necrophages
  A black bear (D:13)
  7 ogres
  3 centaurs
  Blork the orc (D:4)
  2 big kobolds
  4 bullfrogs
  3 scorpions (D:6)
  A troll zombie (D:9)
  5 killer bees (D:11)
  3 howler monkeys
  6 wights (D:10)
  3 centaur zombies
  8 crimson imps
  3 bullfrog zombies
  7 jellies
  Crazy Yiuf (D:2)
  9 orc priests
  13 hounds
  A bullfrog skeleton (D:11)
  An iron imp (Abyss:2)
  3 iguanas
  15 orc wizards
  Ijyb (D:4)
  8 worker ants
  6 ogre zombies (D:9)
  A hound zombie (D:7)
  A hound skeleton (D:5)
  Robin (D:3)
  22 adders
  2 shadow imps
  2 adder skeletons
  4 worms
  2 dart slugs
  4 leopard geckos
  69 orcs
  4 ball pythons
  4 giant cockroaches
  13 goblins
  6 hobgoblins
  10 jackals
  13 kobolds
  6 quokkas
  5 bats
  5 frilled lizards
  A goblin skeleton (D:9)
  2 goblin zombies (D:9)
  A hobgoblin skeleton (D:9)
  6 hobgoblin zombies (D:9)
  2 leopard gecko skeletons
  A leopard gecko zombie (D:9)
  An orc skeleton (D:9)
  14 orc zombies (D:9)
  2 quokka zombies
  4 rats
435 creatures vanquished.

Vanquished Creatures (others)
  A starspawn tentacle (Abyss:2)
1 creature vanquished.

Grand Total: 436 creatures vanquished

Notes
Turn   | Place    | Note
-------+----------+-------------------------------------------
     0 | D:1      | Jade the Draconian Berserker began the quest for the Orb.
     0 | D:1      | Reached XP level 1. HP: 19/19 MP: 1/1
   355 | D:1      | Reached XP level 2. HP: 25/26 MP: 2/2
   991 | D:2      | Reached ** piety under Trog
   991 | D:2      | Reached XP level 3. HP: 29/31 MP: 3/3
  1426 | D:2      | Found a runed translucent door.
  1427 | D:2      | Noticed Crazy Yiuf
  1433 | D:2      | Killed Crazy Yiuf
  1650 | D:2      | Reached XP level 4. HP: 37/40 MP: 4/4
  1659 | D:2      | Reached skill level 4 in Axes
  1817 | D:3      | Identified the cursed +0 helmet "Pouptiag" {Int+6}
  1817 | D:3      | Noticed Robin
  1822 | D:3      | Killed Robin
  1825 | D:3      | Reached skill level 1 in Stealth
  1826 | D:3      | Reached XP level 5. HP: 46/46 MP: 5/5
  2763 | D:3      | Reached skill level 5 in Axes
  2956 | D:4      | Noticed a phantom
  2976 | D:4      | Noticed Ijyb
  2993 | D:4      | Killed Ijyb
  3002 | D:4      | Killed a phantom
  3002 | D:4      | Reached XP level 6. HP: 27/53 MP: 6/6
  3204 | D:4      | Found a large runed translucent door.
  3204 | D:4      | Found a large runed translucent door.
  3207 | D:4      | Noticed Borgoz's ghost (amateur GrFi)
  3274 | D:4      | Reached *** piety under Trog
  3277 | D:4      | Noticed Blork the orc
  3290 | D:4      | Killed Blork the orc
  3340 | D:4      | Reached skill level 6 in Axes
  3340 | D:4      | Your scales start taking on a dull iron-grey colour.
  3340 | D:4      | Reached XP level 7. HP: 53/60 MP: 7/7
  3340 | D:4      | Gained mutation: You can survive without breathing. [Grey
                  | Draconian growth]
  3851 | D:4      | Found Tuotsocy's Book Boutique.
  4054 | D:4      | Reached skill level 1 in Throwing
  4392 | D:5      | Entered Level 5 of the Dungeon
  4831 | D:5      | Reached skill level 5 in Fighting
  5027 | D:5      | Reached skill level 7 in Axes
  5048 | D:5      | Reached XP level 8. HP: 37/68 MP: 8/8
  5436 | D:5      | Reached **** piety under Trog
  5792 | D:6      | Reached skill level 8 in Axes
  5792 | D:6      | Reached skill level 5 in Dodging
  6301 | D:6      | Noticed a two-headed ogre
  6314 | D:6      | Killed a two-headed ogre
  6314 | D:6      | Reached skill level 9 in Axes
  6314 | D:6      | Reached XP level 9. HP: 75/75 MP: 9/9
  6710 | D:7      | Noticed Joseph
  6724 | D:7      | Killed Joseph
  6724 | D:7      | Reached skill level 1 in Shields
  7147 | D:7      | Found a white marble altar of Elyvilon.
  7150 | D:7      | Found a shimmering blue altar of Sif Muna.
  7153 | D:7      | Found an opulent altar of Gozag.
  7210 | D:7      | Found a staircase to the Ecumenical Temple.
  7385 | D:8      | Found Ucoidghu's Magic Scroll Shoppe.
  7409 | D:8      | Reached skill level 10 in Axes
  7432 | D:8      | Bought a scroll of identify for 22 gold pieces
  7454 | D:8      | Noticed Erica
  7467 | D:8      | Killed Erica
  7467 | D:8      | Reached XP level 10. HP: 84/84 MP: 10/10
  7502 | D:8      | Reached ***** piety under Trog
  7502 | D:8      | Received a gift from Trog
  7626 | D:8      | Found a staircase to the Lair.
  7784 | D:8      | Reached skill level 11 in Axes
  8267 | D:9      | Found a staircase to the Orcish Mines.
  8399 | D:9      | Found an ancient bone altar of Kikubaaqudgha.
  8400 | D:9      | Found a snail-covered altar of Cheibriados.
  8446 | D:9      | Found a white marble altar of Elyvilon.
  8601 | D:9      | Found a blossoming altar of Fedhas.
  8785 | D:10     | Entered Level 10 of the Dungeon
  8872 | D:10     | Found Quengym's General Store.
  8877 | D:10     | Noticed a gargoyle
  8885 | D:10     | Killed a gargoyle
  8885 | D:10     | Reached skill level 12 in Axes
  9211 | D:10     | Received a gift from Trog
  9221 | D:10     | Reached XP level 11. HP: 81/94 MP: 11/11
 10168 | D:11     | Noticed a two-headed ogre
 10181 | D:11     | Killed a two-headed ogre
 10185 | D:11     | Received a gift from Trog
 10515 | D:11     | You fall into a shaft and drop 3 floors!
 10675 | D:13     | Reached skill level 13 in Axes
 10714 | D:13     | Found a gate to the Vaults.
 10714 | D:13     | Noticed a vault guard
 10714 | D:13     | Noticed a vault guard
 10714 | D:13     | Noticed a vault guard
 10714 | D:13     | Noticed a vault guard
 10714 | D:13     | Noticed a white ugly thing
 10728 | D:13     | Noticed a tengu warrior
 10798 | D:13     | Killed a tengu warrior
 10897 | D:13     | Killed a vault guard
 10946 | D:13     | Killed a vault guard
 10946 | D:13     | Reached XP level 12. HP: 91/104 MP: 12/12
 11268 | D:12     | Received a gift from Trog
 11440 | D:12     | Reached skill level 5 in Throwing
 11893 | D:13     | Found Jiofotan's Antique Weapon Shop.
 12446 | D:13     | Killed a vault guard
 12543 | D:13     | Found Kaewkaw's Jewellery Shoppe.
 12607 | D:13     | Killed a vault guard
 12607 | D:13     | Reached skill level 14 in Axes
 12962 | D:13     | Identified the +4 short sword "Jout Pine" {pierce, Str+3}
 13084 | D:13     | Bought an uncursed amulet of regeneration for 330 gold
                  | pieces
 13148 | D:14     | Reached skill level 5 in Shields
 13456 | D:14     | Noticed a five-headed hydra
 13467 | D:14     | Killed a one-headed hydra
 13467 | D:14     | Reached skill level 10 in Fighting
 13640 | D:14     | Found a glowing silver altar of Zin.
 13640 | D:14     | Noticed an angel
 13795 | D:15     | Entered Level 15 of the Dungeon
 13989 | D:15     | Noticed a two-headed ogre
 14002 | D:15     | Killed a two-headed ogre
 14084 | D:15     | Noticed a centaur warrior
 14108 | D:15     | Killed a centaur warrior
 14288 | D:15     | Found a blossoming altar of Fedhas.
 14330 | D:15     | Received a gift from Trog
 14339 | D:15     | Noticed an ettin
 14343 | D:15     | Reached XP level 13. HP: 113/113 MP: 5/13
 14347 | D:15     | Killed an ettin
 14562 | D:15     | Cast into level 2 of the Abyss (hell knight)
 14562 | Abyss:2  | Found a corrupted altar of Lugonu.
 14641 | Abyss:2  | Found a corrupted altar of Lugonu.
 14724 | Abyss:2  | Noticed a starcursed mass
 14725 | Abyss:2  | Found a corrupted altar of Lugonu.
 14805 | Abyss:2  | Noticed a tentacled starspawn
 14811 | Abyss:2  | Slain by a large abomination

Levels and vault maps discovered:
D:1:      mrwooster_arrival_arrow, layout_loops_ring,
          chequers_serial_rivers_micro_b
D:2:      layout_loops_ring, minmay_fractal_squares_gapless_5,
          uniq_crazy_yiuf_cottage
D:3:      layout_loops_ring, minmay_misc_feat_room, uniq_robin
D:4:      layout_loops_ring, ebering_ghost_disaster_area, first_ration,
          serial_shops, kennysheep_mini, uniq_ijyb, uniq_blork_the_orc
D:5:      layout_loops_cross, minmay_misc_feat_doors
D:6:      kennysheep_windowed_halls, layout_loops_ring
D:7:      layout_rooms, grunt_temple_overflow_diamond,
          minmay_temple_entry_enclosed_plants, uniq_joseph
D:8:      layout_rooms, lair_entry_dummy, serial_shops, nicolae_shop_trees,
          uniq_erica
D:9:      layout_long_grid, lemuel_coloured_pillars_altar,
          gammafunk_temple_overflow_statue, zombieorc2_lemuel, basic_altar
D:10:     layout_loops_corners, serial_shops, shop
D:11:     layout_rooms
D:12:     layout_loops_corners
D:13:     layout_irregular_city, lightli_vaults_fourway_checkpoint,
          serial_shops, shop, shop, grunt_tengu_nest
D:14:     layout_basic, zin_angel
D:15:     hangedman_depths_entry_civil_slaughter, layout_stronghold,
          fedhas_altar_2
Abyss:2:  base:
D:15

Skill      XL: |  1  2  3  4  5  6  7  8  9 10 11 12 13 |
---------------+----------------------------------------+-----
Dodging        | 3 4 6 7 8 9 |  9.7
Axes           | 4 5 6 7 9 10 12 13 14 | 14.4
Stealth        | 1 2 4 |  4.0
Fighting       | 4 5 6 8 9 10 | 10.5
Throwing       | 2 3 4 6 7 |  7.3
Shields        | 1 2 3 6 7 |  7.3

Action                   |  1- 3 |  4- 6 |  7- 9 | 10-12 | 13-15 || total
-------------------------+-------+-------+-------+-------+-------++-------
Melee: Hand axe          |   101 |    92 |       |   627 |    99 ||   919
       Tailslap          |     8 |    13 |    36 |   130 |    25 ||   212
       War axe           |       |    54 |   285 |   131 |       ||   470
       Broad axe         |       |       |       |       |     2 ||     2
Throw: Boomerang         |       |    14 |    12 |    28 |       ||    54
       Dart              |       |       |    19 |    77 |    22 ||   118
Invok: Berserk           |     1 |     3 |     4 |     3 |     2 ||    13
       Trog's Hand       |       |     1 |     1 |     3 |     1 ||     6
Evoke: Wand              |       |       |       |     1 |       ||     1
  Use: Potion            |       |     1 |       |       |       ||     1
       Scroll            |       |       |     4 |    16 |       ||    20
 Stab: Sleeping          |       |       |       |     9 |       ||     9
       Distracted        |       |       |       |       |     1 ||     1
  Eat: Chunk             |     2 |     7 |    13 |    29 |     3 ||    54
       Ration            |       |     1 |     1 |     1 |       ||     3
Armor: Skin              |    31 |    35 |    96 |   199 |    18 ||   379
Dodge: Dodged            |    71 |    95 |   195 |   325 |    26 ||   712
Block: Buckler           |       |       |    21 |    51 |       ||    72
       Shield            |       |       |       |   108 |    30 ||   138

Table legend:
 A = Non-vault XP
 B = Vault XP
 C = Vault XP percentage of total XP
 D = Non-vault monster count
 E = Vault monster count
 F = Vault count percentage of total count
                 A         B        C        D         E       F
            +---------+---------+-------+---------+---------+-------
      Total |   32922 |   13848 |  29.6 |     341 |      94 |  21.6
            +---------+---------+-------+---------+---------+-------
        D:1 |      23 |       0 |   0.0 |      13 |       0 |   0.0
        D:2 |      27 |      63 |  70.0 |      13 |       7 |  35.0
        D:3 |     172 |      37 |  17.7 |      25 |      13 |  34.2
        D:4 |     543 |     136 |  20.0 |      27 |       2 |   6.9
        D:5 |     525 |       0 |   0.0 |      19 |       0 |   0.0
        D:6 |     600 |    1484 |  71.2 |      12 |      18 |  60.0
        D:7 |     413 |     466 |  53.0 |       6 |       1 |  14.3
        D:8 |    1267 |     923 |  42.1 |      29 |       1 |   3.3
        D:9 |    1769 |     526 |  22.9 |      20 |      35 |  63.6
       D:10 |    3562 |       0 |   0.0 |      37 |       0 |   0.0
       D:11 |    4578 |       0 |   0.0 |      51 |       0 |   0.0
       D:12 |    1998 |       0 |   0.0 |      15 |       0 |   0.0
       D:13 |    3887 |    6594 |  62.9 |      22 |      13 |  37.1
       D:14 |    3646 |       0 |   0.0 |      27 |       0 |   0.0
       D:15 |    4719 |    3619 |  43.4 |      14 |       4 |  22.2
    Abyss:2 |    5193 |       0 |   0.0 |      11 |       0 |   0.0
            +---------+---------+-------+---------+---------+-------
